 Dungeon Crawl Stone Soup version 0.18.1-48-g4cf74bf (webtiles) character file.

4712 GordonOverkill the Protected (level 10, 0/93 HPs)
             Began as a Hill Orc Wanderer on July 8, 2016.
             Was a Priest of Okawaru.
             Slain by GFox's ghost (22 damage)
             ... on level 8 of the Dungeon.
             The game lasted 00:37:59 (13892 turns).

GordonOverkill the Protected (Hill Orc Wanderer)   Turns: 13892, Time: 00:38:00

Health: 0/93       AC: 17    Str: 18    XL:     10   Next: 45%
Magic:  10/10      EV: 12    Int: 12    God:    Okawaru [***...]
Gold:   156        SH:  0    Dex: 16    Spells: 0 memorised, 9 levels left

rFire  . . .     SeeInvis .     b - +8 shortbow (velocity)
rCold  . . .     Gourm    .     A - +0 plate armour
rNeg   . . .     Faith    .     (shield currently unavailable)
rPois  .         Spirit   .     (no helmet)
rElec  .         Dismiss  .     e - +0 cloak
rCorr  .         Reflect  .     v - +0 pair of gloves
SustAt .         Harm     .     (no boots)
MR     .....                    (no amulet)
Stlth  ..........               l - +3 ring of slaying
                                D - +4 ring of evasion

@: agile, not resistant to hostile enchantments, extremely unstealthy
A: no striking features
a: Heroism, Renounce Religion


You were on level 8 of the Dungeon.
You worshipped Okawaru.
Okawaru was most pleased with you.
You were hungry.

You visited 2 branches of the dungeon, and saw 9 of its levels.

You collected 396 gold pieces.
You spent 240 gold pieces at shops.

Inventory:

Hand Weapons
 a - a +1 dagger of venom
 b - a +8 shortbow of velocity (weapon)
 s - a +0 war axe
Missiles
 c - 94 arrows (quivered)
 F - a throwing net
Armour
 e - a +0 cloak (worn)
 v - a +0 pair of gloves (worn)
 A - a +0 plate armour (worn)
 E - a +0 buckler
Jewellery
 g - an uncursed ring of wizardry
 l - a +3 ring of slaying (right hand)
 D - a +4 ring of evasion (left hand)
Wands
 i - a wand of slowing (8/48)
 q - a wand of random effects (28/48)
 y - a wand of flame (35/48)
 J - a wand of iceblast (5/15)
 L - a wand of disintegration (19/24)
Scrolls
 h - 9 scrolls of remove curse
 j - 5 scrolls of teleportation
 k - 3 scrolls of fear
 p - a scroll of recharging
 I - a scroll of enchant armour
 N - a scroll of amnesia
Potions
 m - a potion of cancellation
 o - a potion of lignification
 t - a potion of berserk rage
 u - a potion of resistance
 w - 2 potions of brilliance
 M - 3 potions of mutation
Books
 H - an Akashic Record

   Spells                             Type                      Level
   a - Dispersal                      Translocation                6
   b - Malign Gateway                 Summoning/Translocation      7
   c - Disjunction                    Translocation                8
   d - Controlled Blink               Translocation                8
 K - a book of Geomancy

   Spells                             Type                      Level
   a - Sandblast                      Earth                        1
   b - Passwall                       Transmutation/Earth          2
   c - Stone Arrow                    Conjuration/Earth            3
   d - Petrify                        Transmutation/Earth          4
   e - Lee's Rapid Deconstruction     Earth                        5
Comestibles
 d - 4 beef jerkies
 f - 9 bread rations
 n - 2 royal jellies
 x - a slice of pizza
 O - 4 fruits


   Skills:
 - Level 10.0 Fighting
 + Level 3.6 Axes
 - Level 3.0 Bows
 - Level 10.0 Armour
 + Level 5.0 Dodging
 - Level 1.5 Stealth
 - Level 5.0 Shields
   Level 3.0 Necromancy


You had 9 spell levels left.
You didn't know any spells.

Dungeon Overview and Level Annotations

Branches:
Dungeon (8/15)             Temple (1/1) D:4
   Lair: D:8-11

Altars:
Ashenzari
Cheibriados
Dithmenos
Elyvilon
Fedhas
Gozag
Kikubaaqudgha
Makhleb
Nemelex Xobeh
Okawaru
Pakellas
Qazlal
Ru
Sif Muna
Trog
Vehumet
Xom
Yredelemnul
Zin
The Shining One

Shops:
D:6 ?

Annotations:
D:5 Sigmund
D:8 GFox's ghost, novice TrMo


Message History

Firing (i - inventory. (,) - cycle):
c - 96 arrows (quivered)
Press: ? - help, Shift-Dir - straight line, f/p - GFox's ghost
Aim: GFox's ghost (heavily damaged)
You shoot an arrow. The arrow barely misses GFox's ghost.
GFox's ghost hits you!!
Firing (i - inventory. (,) - cycle):
c - 95 arrows (quivered)
Press: ? - help, Shift-Dir - straight line, f/p - GFox's ghost
Aim: GFox's ghost (heavily damaged)
You shoot an arrow. The arrow barely misses GFox's ghost.
GFox's ghost hits you!
* * * LOW HITPOINT WARNING * * *
GFox's ghost ducks and says, "Too high!"
You see here 3 arrows.
You see here an arrow.
You see here an arrow.
There is a stone staircase leading up, spattered with blood here.
Things that are here:
a robe; a dagger GFox's ghost hits you!!
You die...

..................#..............
...............#..#..###.#.......
######.##......#.....#...........
#......=(.W..[........##.###.####
######.####.....#.##..##.###.#
.........##..##.#.........##.#
..(......##..##.()........##.#
.........##..###.#........#..#
.#####.......# #@)........#..#
.........##.####W#.##.#####..####
.........+......(#...............
.........##..###(####.#####.#####
.........##..###(####.#####.#####
#####....##.....................#
#...##.......###.####.#####.#####
.#'#.#.####......# #.# #.#
.#.#.#.# ######.# #.# #.#


You could see GFox's ghost.

Vanquished Creatures
  A hill giant (D:8)
  Prince Ribbit (D:7)
  A spriggan (D:7)
  A hippogriff (D:7)
  An ice beast (D:5)
  2 sky beasts
  A black bear (D:6)
  The ghost of Yamtom the Ducker, an amateur DrBe of Trog (D:3)
  2 phantoms (D:6)
  2 ogres
  4 centaurs
  4 giant frogs
  7 big kobolds (D:8)
  A water moccasin zombie (D:7)
  A scorpion (D:5)
  9 killer bees
  4 howler monkeys
  2 vampire bats (D:6)
  3 crimson imps
  A quasit (D:7)
  3 orc priests
  Crazy Yiuf (D:7)
  Terence (D:3)
  8 worker ants
  10 orc wizards
  A hound zombie (D:7)
  7 gnolls
  A howler monkey skeleton (D:7)
  16 adders
  2 shadow imps (D:7)
  2 oozes
  An adder zombie (D:5)
  3 adder skeletons
  A worm (D:2)
  2 dart slugs
  5 giant geckos
  29 orcs
  3 ball pythons
  7 bats
  2 bat skeletons (D:6)
  4 bat zombies (D:6)
  8 giant cockroaches
  12 goblins
  5 hobgoblins
  10 jackals
  4 quokkas
  A giant gecko zombie (D:5)
  4 giant newts
  24 kobolds
  A quokka zombie (D:6)
  9 rats
236 creatures vanquished.

Notes
Turn   | Place    | Note
--------------------------------------------------------------
     0 | D:1      | GordonOverkill the Hill Orc Wanderer began the quest for the Orb.
     0 | D:1      | GordonOverkill set off with: a +2 scale mail, a +0 shortbow, 23 arrows, a potion of curing, a +0 dagger, a bread ration
     0 | D:1      | Reached XP level 1. HP: 16/16 MP: 1/1
   104 | D:1      | Reached XP level 2. HP: 18/24 MP: 2/2
   377 | D:1      | Reached XP level 3. HP: 30/30 MP: 3/3
   871 | D:2      | Reached XP level 4. HP: 38/38 MP: 4/4
  1725 | D:2      | Reached XP level 5. HP: 47/47 MP: 5/5
  1849 | D:3      | Noticed Yamtom's ghost (amateur DrBe)
  1886 | D:3      | Killed Yamtom's ghost
  1886 | D:3      | Reached skill level 5 in Fighting
  1915 | D:3      | Reached XP level 6. HP: 29/57 MP: 6/6
  2272 | D:3      | Noticed Terence
  2288 | D:3      | Killed Terence
  3498 | D:4      | Found a staircase to the Ecumenical Temple.
  3518 | Temple   | Entered the Ecumenical Temple
  3882 | Temple   | Became a worshipper of Warmaster Okawaru
  3940 | D:4      | Reached XP level 7. HP: 62/67 MP: 7/7
  4290 | D:5      | Entered Level 5 of the Dungeon
  4293 | D:5      | Noticed Sigmund
  4818 | D:5      | Found a sparkling altar of Nemelex Xobeh.
  4820 | D:5      | Found a stormy altar of Qazlal.
  4821 | D:5      | Found a shimmering altar of Xom.
  4822 | D:5      | Found a blossoming altar of Fedhas.
  5590 | D:6      | Reached skill level 5 in Armour
  5852 | D:6      | Reached XP level 8. HP: 41/74 MP: 8/8
  6116 | D:6      | Reached * piety under Okawaru
  6265 | D:6      | Found an iron altar of Okawaru.
  7240 | D:6      | Found an ancient bone altar of Kikubaaqudgha.
  7320 | D:6      | Reached ** piety under Okawaru
  7483 | D:6      | Found Jufohusm's Magic Scroll Boutique.
  7486 | D:6      | Bought a scroll of teleportation for 36 gold pieces
  7486 | D:6      | Bought a scroll of enchant armour for 90 gold pieces
  7486 | D:6      | Bought a scroll of identify for 24 gold pieces
  7486 | D:6      | Bought a scroll of blinking for 90 gold pieces
  7546 | D:6      | Reached XP level 9. HP: 78/81 MP: 9/9
  8165 | D:7      | Reached skill level 10 in Armour
  8205 | D:7      | Reached skill level 1 in Shields
  8277 | D:7      | Found a basalt altar of Yredelemnul.
  8475 | D:7      | Noticed Prince Ribbit
  8498 | D:7      | Killed Prince Ribbit
  8882 | D:7      | Reached skill level 5 in Shields
  9143 | D:7      | Noticed Crazy Yiuf
  9149 | D:7      | Killed Crazy Yiuf
  9224 | D:7      | Reached *** piety under Okawaru
  9725 | D:6      | Reached skill level 10 in Fighting
 10102 | D:7      | Reached skill level 1 in Dodging
 10366 | D:8      | Noticed GFox's ghost (novice TrMo)
 10706 | D:8      | Reached XP level 10. HP: 92/93 MP: 10/10
 10842 | D:8      | Found a shattered altar of Ashenzari.
 11273 | D:8      | Noticed a stone giant
 12119 | D:8      | Found a shadowy altar of Dithmenos.
 12358 | D:8      | Noticed a hill giant
 12366 | D:8      | Killed a hill giant
 12366 | D:8      | Reached **** piety under Okawaru
 13174 | D:8      | Reached skill level 5 in Dodging
 13892 | D:8      | Slain by GFox's ghost

Skill      XL: |  1  2  3  4  5  6  7  8  9 10 |
---------------+-------------------------------+-----
Bows           | 2 3 |  3.0
Fighting       | 2 3 4 6 7 8 10 | 10.0
Armour         | 5 9 10 | 10.0
Shields        | 5 |  5.0
Dodging        | 2 5 |  5.0
Axes           | 3 |  3.6
Stealth        | |  1.5
Necromancy     | |  3.0

Action                   |  1- 3 |  4- 6 |  7- 9 | 10-12 || total
-------------------------+-------+-------+-------+-------++-------
Melee: Dagger            |       |   108 |   702 |   157 ||   967
 Fire: Shortbow          |   107 |   233 |    70 |    95 ||   505
Evoke: Wand              |       |       |       |     2 ||     2
  Use: Potion            |       |     2 |     1 |     3 ||     6
       Scroll            |       |       |    12 |    14 ||    26
  Eat: Chunk             |       |     9 |    21 |     1 ||    31
       Meat ration       |       |       |     1 |     1 ||     2
Armor: Scale mail        |    41 |    28 |       |       ||    69
       Chain mail        |       |    90 |     9 |       ||    99
       Plate armour      |       |       |   636 |    94 ||   730
Dodge: Dodged            |    25 |    83 |   223 |    79 ||   410
Block: Buckler           |       |       |    30 |    22 ||    52
